 Dungeon Crawl Stone Soup version 0.21.1-1-g345015fe64 (webtiles) character file.

915 Peloso the Slasher (level 7, -5/61 HPs)
             Began as a Minotaur Fighter on June 29, 2018.
             Slain by an ogre
             ... wielding a +0 giant spiked club
              (28 damage)
             ... on level 5 of the Dungeon.
             The game lasted 00:07:10 (3363 turns).

Peloso the Slasher (Minotaur Fighter)               Turns: 3363, Time: 00:07:11

Health: -5/61      AC:  7    Str: 21    XL:     7   Next: 82%
Magic:  6/6        EV:  9    Int:  5    God:
Gold:   187        SH: 10    Dex: 11    Spells: 6/6 levels left

rFire    . . .     SeeInvis .   a - +0 long sword
rCold    . . .     Gourm    .   c - +0 shield
rNeg     . . .     Faith    .   b - +0 scale mail
rPois    .         Spirit   .   (helmet restricted)
rElec    .         Reflect  .   s - scarf {repulsion}
rCorr    .         Harm     .   (no gloves)
MR       .....                  (no boots)
Stlth    ..........             (no amulet)
HPRegen  0.20/turn              o - ring of flight
MPRegen  0.10/turn              (no ring)

@: repel missiles
A: retaliatory headbutt, horns 2
a: Evoke Flight


You were on level 5 of the Dungeon.
You were hungry.

You visited 1 branch of the dungeon, and saw 5 of its levels.

You collected 187 gold pieces.

Inventory:

Hand Weapons
 a - a +0 long sword (weapon)
Missiles
 n - 65 bolts
Armour
 b - a +0 scale mail (worn)
 c - a +0 shield (worn)
 m - a +1 cloak of poison resistance
 s - a scarf of repulsion (worn)
Jewellery
 o - a ring of flight (left hand)
Wands
 p - a wand of scattershot (4)
Scrolls
 g - a scroll of amnesia {unknown}
 h - a scroll of remove curse {unknown}
 k - a scroll of fog {unknown}
 q - a scroll of identify {unknown}
 t - a scroll of enchant weapon {unknown}
 u - a scroll of blinking {unknown}
 y - 2 scrolls of teleportation {unknown}
Potions
 d - a potion of might
 e - a potion of degeneration {unknown}
 i - 2 potions of curing {unknown}
 j - a potion of lignification {unknown}
 l - a potion of berserk rage {unknown}
 r - a potion of haste {unknown}
 v - a potion of brilliance {unknown}
 w - a potion of cancellation {unknown}
Comestibles
 f - 3 rations


   Skills:
 + Level 5.0 Fighting
 + Level 6.8 Long Blades
 + Level 6.0 Armour
 + Level 2.4 Dodging
 + Level 6.4 Shields


You had 6 spell levels left.
You didn't know any spells.

Dungeon Overview and Level Annotations

Branches:
Dungeon (5/15)
 Temple: D:4-7

Altars:
Yredelemnul


Innate Abilities, Weirdness & Mutations

You reflexively headbutt those who attack you in melee.
You have a pair of horns on your head.


Message History

The centaur hits you but does no damage.
Your shield and scale mail prevent you from hitting the centaur.
Your headbutt misses the centaur.
The centaur is heavily wounded.
The centaur hits you.
You hit the centaur.
The centaur is severely wounded.
The centaur hits you. You block the centaur's attack.
You completely miss the centaur. Your headbutt misses the centaur.
The centaur is severely wounded.
You block the centaur's attack. The ogre barely misses you.
The centaur barely misses you. You furiously retaliate!
You headbutt the centaur.
You riposte.
You completely miss the centaur.
The centaur is severely wounded.
Unknown command.
You hit the centaur but do no damage.
The centaur is severely wounded.
The centaur hits you but does no damage.
The ogre hits you with a giant spiked club!!
You die...

#.#.... #. ###.#....
#.#. .$....... #.#.#
........# #.#.# #.
.........#.#.# #.#.#.
.[......#.#.# #.#.#.#.
......c!.#.#+#.#.#.#.#.
......O@#.#.....#.#.#.#
........(#.....#.#.....
#######.#.#....(#.#..
#.#.#.....#.#..
##.#.#.#<#.#.#
##.#+#+#.#†#.#
........#.#.#
[.........#.#.#
..........#.#.#.#


You could see an ogre and a centaur.

Vanquished Creatures
  Eustachio (D:4)
  A phantom (D:4)
  An ogre (D:4)
  4 hounds
  A jelly (D:5)
  An orc priest (D:3)
  Crazy Yiuf (D:2)
  2 bullfrog skeletons
  An orc wizard (D:4)
  An iguana (D:5)
  Natasha (D:3)
  3 gnolls (D:2)
  11 adders
  An ooze (D:2)
  3 adder skeletons
  6 worms
  2 dart slugs
  4 leopard geckos
  4 orcs (D:3)
  4 ball pythons
  2 giant cockroaches (D:4)
  6 goblins
  9 hobgoblins
  8 jackals
  A quokka (D:3)
  A ball python skeleton (D:4)
  10 bats
  13 frilled lizards
  6 kobolds
  6 rats
115 creatures vanquished.

Notes
Turn   | Place    | Note
-------+----------+-------------------------------------------
     0 | D:1      | Peloso the Minotaur Fighter began the quest for the Orb.
     0 | D:1      | Reached XP level 1. HP: 19/19 MP: 0/0
   111 | D:1      | Reached XP level 2. HP: 17/27 MP: 1/1
   414 | D:1      | Reached XP level 3. HP: 33/33 MP: 2/2
   920 | D:2      | Reached XP level 4. HP: 21/40 MP: 3/3
  1472 | D:2      | Found a basalt altar of Yredelemnul.
  1478 | D:2      | Reached skill level 1 in Dodging
  1492 | D:2      | Reached XP level 5. HP: 36/46 MP: 4/4
  1825 | D:2      | Found a runed door.
  2026 | D:2      | Noticed Crazy Yiuf
  2033 | D:2      | Killed Crazy Yiuf
  2097 | D:3      | Reached skill level 5 in Shields
  2411 | D:3      | You fall through a shaft!
  2456 | D:3      | Reached XP level 6. HP: 40/53 MP: 5/5
  2479 | D:3      | Noticed Natasha
  2492 | D:3      | Killed Natasha
  2492 | D:3      | Reached skill level 5 in Long Blades
  2779 | D:4      | Reached skill level 5 in Armour
  2919 | D:4      | Noticed Eustachio
  2948 | D:4      | Killed Eustachio
  2948 | D:4      | Reached XP level 7. HP: 23/60 MP: 6/6
  3318 | D:5      | Entered Level 5 of the Dungeon
  3333 | D:5      | Reached skill level 5 in Fighting
  3363 | D:5      | Slain by an ogre

Skill      XL: |  1  2  3  4  5  6  7 |
---------------+----------------------+-----
Shields        | 4 5 6 |  6.4
Armour         | 4 5 6 |  6.0
Long Blades    | 3 4 6 |  6.8
Fighting       | 4 5 |  5.0
Dodging        | 1 2 |  2.4

Action                   |  1- 3 |  4- 6 |  7- 9 || total
-------------------------+-------+-------+-------++-------
Melee: Long sword        |   108 |   201 |    54 ||   363
       Headbutt          |    12 |    39 |    13 ||    64
  Eat: Chunk             |       |     7 |     1 ||     8
Armor: Scale mail        |    48 |    97 |    17 ||   162
Dodge: Dodged            |    32 |    56 |    29 ||   117
Block: Shield            |    55 |   140 |    26 ||   221
       Rpst.: Long sword |     5 |    17 |    10 ||    32
